 Dungeon Crawl Stone Soup version 0.29.1-1-gd02db6906a (webtiles) character file.

Game seed: 18409137382754805304

37 firemarshallily the Conjurer (level 3, -1/28 HPs)
             Began as a Draconian Conjurer on Oct 12, 2022.
             Slain by a hobgoblin (5 damage)
             ... led by Robin
             ... on level 2 of the Dungeon.
             The game lasted 00:05:13 (1400 turns).

firemarshallily the Conjurer (Draconian Conjurer)   Turns: 1400, Time: 00:05:13

Health: -1/28      AC:  5    Str:  9    XL:     3   Next: 21%
Magic:  6/6        EV: 16    Int: 20    God:
Gold:   96         SH:  0    Dex:  9    Spells: 4/7 levels left

rFire   . . .      SeeInvis .   l - staff of conjuration
rCold   . . .      Faith    .   (no shield)
rNeg    . . .      Spirit   .   (body armour unavailable)
rPois   .          Reflect  .   (helmet restricted)
rElec   .          Harm     .   (no cloak)
rCorr   .          Rampage  .   (no gloves)
Will    .....                   (no boots)
Stlth   ++........              (no amulet)
HPRegen 0.09/turn               f - +4 ring of evasion
MPRegen 0.10/turn               (no ring)

@: no status effects
A: AC +5, unfitting armour, cold-blooded
a: no special abilities


You were on level 2 of the Dungeon.
You visited 1 branch of the dungeon, and saw 2 of its levels.

You collected 96 gold pieces.

Inventory:

Missiles
 c - 29 stones
 d - 8 poisoned darts
Magical Staves
 l - a staff of conjuration (weapon)
Jewellery
 f - a +4 ring of evasion (left hand)
Scrolls
 e - a scroll of enchant weapon {unknown}
 g - 2 scrolls of identify {unknown}
 k - a scroll of poison {unknown}
Potions
 a - a potion of magic
 h - a potion of heal wounds
 i - a potion of ambrosia


   Skills:
 + Level 1.1 Fighting
 + Level 0.3 Staves
 - Level 1.7 Dodging
 - Level 1.7 Stealth
 * Level 2.6 Spellcasting
 * Level 4.4 Conjurations


You had 4 spell levels left.
You knew the following spells:

 Your Spells              Type           Power      Damage    Failure   Level
a - Magic Dart            Conj           100%       1d8       2%          1
b - Searing Ray           Conj           60%        2d6       3%          2

Your spell library contained the following spells:

 Spells                   Type           Power      Damage    Failure   Level
 Dazzling Flash           Conj/Hex       34%        N/A       19%         3
 Fulminant Prism          Conj/Hex       8%         3d7       52%         4
 Iskenderun's Mystic Bla  Conj/Tloc      17%        2d5       52%         4


Dungeon Overview and Level Annotations

Branches:
Dungeon (2/15)

Altars:

Annotations:
D:2 Robin


Innate Abilities, Weirdness & Mutations

Your plain brown scales are hard. (AC +5)
You cannot fit into any form of body armour.
You are cold-blooded and may be slowed by cold attacks.


Message History

You closely miss the goblin. You tail-slap the goblin.
The goblin is almost dead.
Robin completely misses you. The goblin misses you.
The goblin hits you with a +0 club.
You hit the goblin.
You kill the goblin!
Robin misses you. The goblin hits you but does no damage.
The hobgoblin misses you. Robin closely misses you.
You closely miss the goblin.
Robin hits you from afar with a +0 trident.
The goblin completely misses you. Robin closely misses you.
You hit the goblin.
You kill the goblin!
The hobgoblin hits you but does no damage.
Robin barely misses you.
You hit the hobgoblin but do no damage. Robin barely misses you.
The hobgoblin completely misses you. Robin misses you.
You hit the hobgoblin.
The hobgoblin is heavily wounded.
Robin barely misses you. x2; The hobgoblin closely misses you.
You hit the hobgoblin but do no damage.
Your tail-slap misses the hobgoblin.
The hobgoblin is heavily wounded.
Robin says, "Duck!"
Robin barely misses you. The hobgoblin hits you.
* * * LOW HITPOINT WARNING * * *
Robin barely misses you.
You hit the hobgoblin.
The hobgoblin is almost dead.
Robin hits you but does no damage. The hobgoblin closely misses you.
You closely miss the hobgoblin.
The hobgoblin is almost dead.
Robin misses you.
The hobgoblin hits you but does no damage.
Robin misses you.
You hit the hobgoblin.
You kill the hobgoblin!
Robin hits you from afar with a +0 trident.
* * * LOW HITPOINT WARNING * * *
Robin closely misses you. The hobgoblin hits you.
You die...

#........ #.##...........
......... #..#.#.#.......
###.###..###..>#..#...##.
.#. #....####...#..##.
#.. #....# #....#....
..###...####.....#..#
#...#........##..##.
#.))#........##..##.
#.)@#...#....)..#..#
#..###g###.......#....
#.....†g.)...#..#..##.
#..###.###g..#.#...##. ..
..#...#..##.......
#...#......#########
#...#......#
..###g..#...# #..
#...####?#


You could see Robin (fast) and a hobgoblin (strong).

Vanquished Creatures
  A dart slug (D:2)
  A ball python (D:1)
  2 endoplasms
  13 goblins
  2 hobgoblins
  2 quokkas (D:1)
  4 bats
  A frilled lizard (D:1)
  2 kobolds (D:1)
  2 rats (D:1)
30 creatures vanquished.

Notes
Turn   | Place    | Note
-------+----------+-------------------------------------------
     0 | D:1      | firemarshallily the Draconian Conjurer began the quest for
                  | the Orb.
     0 | D:1      | Reached XP level 1. HP: 14/14 MP: 3/3
   568 | D:1      | Reached XP level 2. HP: 21/22 MP: 0/5
  1142 | D:2      | Learned a level 2 spell: Searing Ray
  1352 | D:2      | Noticed Robin
  1361 | D:2      | Reached skill level 1 in Fighting
  1368 | D:2      | Reached XP level 3. HP: 26/28 MP: 2/6
  1400 | D:2      | Slain by a hobgoblin

Illustrated notes

Levels and vault maps discovered:
D:1:      dpeg_arrival_chambers_temple_mockup, layout_basic
D:2:      layout_basic, corexii_corridor_pit, hangedman_decor_clover_reticule,
          minivault_26, nicolae_titane, uniq_robin

Skill      XL: |  1  2 |
---------------+-------+-----
Fighting       | 1 |  1.1
Staves         | |  0.3
Dodging        | |  1.7
Stealth        | |  1.7
Spellcasting   | |  2.6
Conjurations   | |  4.4

Action                   || total
-------------------------++-------
Melee: Quarterstaff      ||    17
       Staff             ||    38
       Punch             ||     1
       Tailslap          ||     3
Throw: Stone             ||     2
 Cast: Magic Dart        ||    30
  Use: Potion            ||     2
Armor: Skin              ||    19
Dodge: Dodged            ||    97
